 Dungeon Crawl Stone Soup version 0.19-a0-1886-gd64a0f0 (webtiles) character file.

70 Morenatsu the Skirmisher (level 4, -1/44 HPs)
             Began as a Hill Orc Monk on Oct 15, 2016.
             Slain by a hound (4 damage)
             ... in the Ecumenical Temple.
             The game lasted 00:04:47 (2933 turns).

Morenatsu the Skirmisher (Hill Orc Monk)            Turns: 2933, Time: 00:04:48

Health: -1/44      AC:  2    Str: 13    XL:     4   Next: 21%
Magic:  4/4        EV: 13    Int: 11    God:
Gold:   247        SH:  0    Dex: 13    Spells: 0 memorised, 3 levels left

rFire  . . .     SeeInvis .     a - +0 hand axe
rCold  + . .     Gourm    .     i - +0 robe {rC+}
rNeg   + . .     Faith    .     (no shield)
rPois  .         Spirit   .     (no helmet)
rElec  .         Dismiss  .     (no cloak)
rCorr  .         Reflect  .     (no gloves)
MR     .....     Harm     .     (no boots)
Stlth  ++........               (no amulet)
                                (no ring)
                                m - ring of positive energy

@: no status effects
A: no striking features
a: no special abilities


You were in the Ecumenical Temple.
You were not hungry.

You visited 2 branches of the dungeon, and saw 5 of its levels.

You collected 247 gold pieces.

Inventory:

Hand Weapons
 a - a +0 hand axe (weapon)
Armour
 b - a +0 robe
 i - a +0 robe of cold resistance (worn)
Jewellery
 k - an uncursed amulet of inaccuracy
 m - a ring of positive energy (left hand)
 n - a +2 ring of evasion
 o - a +2 ring of slaying {unknown}
 u - a +3 amulet of reflection {unknown}
Wands
 t - a wand of confusion (31/48)
Scrolls
 d - a scroll of magic mapping
 e - a scroll of blinking {unknown}
 j - 7 scrolls of identify {unknown}
 l - a scroll of teleportation {unknown}
 q - 2 scrolls of amnesia {unknown}
 r - a scroll of fog {unknown}
 s - a scroll of recharging {unknown}
Potions
 f - a potion of lignification {unknown}
 h - a potion of degeneration {unknown}
 p - a potion of curing {unknown}
Comestibles
 c - 5 bread rations
 g - 3 meat rations
 v - 2 chunks of flesh


   Skills:
 + Level 5.9 Fighting
 - Level 4.0 Axes
 - Level 2.4 Dodging
 - Level 1.5 Stealth


You had 3 spell levels left.
You didn't know any spells.

Dungeon Overview and Level Annotations

Branches:
Dungeon (4/15)             Temple (1/1) D:4

Altars:


Message History

The hound bites you.
* * * LOW HITPOINT WARNING * * *
The hound barely misses you.
You closely miss the hound.
The hound is lightly wounded.
The hound closely misses you. The hound barely misses you.
You hit the hound but do no damage.
The hound is lightly wounded.
The hound bites you.
* * * LOW HITPOINT WARNING * * *
You miss the hound.
The hound is lightly wounded.
The hound bites you.
* * * LOW HITPOINT WARNING * * *
The hound bites you.
* * * LOW HITPOINT WARNING * * *
You closely miss the hound.
The hound is lightly wounded.
The hound bites you.
You die...

♣♣♣♣♣
♣....♣♣
♣♣♣.....♣
.......@♣
♣♣.....h♣
♣♣♣...♣♣
♣♣♣♣


You could see a hound.

Vanquished Creatures
  2 adders (D:2)
  A dart slug (D:1)
  A leopard gecko (D:2)
  10 bats
  3 giant cockroaches
  6 hobgoblins
  2 quokkas (D:3)
  3 frilled lizards
  11 goblins
  4 kobolds
  3 rats
46 creatures vanquished.

Notes
Turn   | Place    | Note
-------+----------+-------------------------------------------
     0 | D:1      | Morenatsu the Hill Orc Monk began the quest for the Orb.
     0 | D:1      | Reached XP level 1. HP: 19/19 MP: 1/1
   111 | D:1      | Reached skill level 4 in Fighting
   183 | D:1      | Reached XP level 2. HP: 25/27 MP: 2/2
   515 | D:1      | You fall through a shaft!
   729 | D:2      | Reached XP level 3. HP: 26/35 MP: 3/3
   757 | D:2      | Reached skill level 5 in Fighting
  1901 | D:2      | Reached XP level 4. HP: 41/44 MP: 4/4
  2861 | D:4      | Noticed an ogre
  2894 | D:4      | Noticed a phantom
  2921 | D:4      | Found a staircase to the Ecumenical Temple.
  2928 | Temple   | Entered the Ecumenical Temple
  2933 | Temple   | Slain by a hound

Vault maps used:
D:1:      doesnt_arrival_eight_statues
D:3:      kennysheep_generic_room_5
D:4:      first_bread
Temple:   minmay_temple_forest_path

Skill      XL: |  1  2  3 |
---------------+----------+-----
Fighting       | 4 5 |  5.9
Axes           | |  4.0
Dodging        | |  2.4
Stealth        | |  1.5

Action                   |  1- 3 |  4- 6 || total
-------------------------+-------+-------++-------
Melee: Hand axe          |   137 |    29 ||   166
  Use: Scroll            |     3 |       ||     3
 Stab: Sleeping          |     5 |       ||     5
       Distracted        |       |     1 ||     1
  Eat: Chunk             |     3 |     3 ||     6
Armor: Robe              |    44 |    10 ||    54
Dodge: Dodged            |    93 |    38 ||   131
